 Dungeon Crawl Stone Soup version 0.29.1-15-g9cfb28693d (webtiles) character file.

Game seed: 4755405199536151189

2174 kingofthe the Thaumaturge (level 9, -1/45 HPs)
             Began as a Deep Elf Conjurer on Mar 5, 2023.
             Was an Initiate of Sif Muna.
             Slain by a wight
             ... wielding a +4 morningstar
              (12 damage)
             ... on level 7 of the Dungeon.
             The game lasted 00:23:37 (7230 turns).

kingofthe the Thaumaturge (Deep Elf Conjurer)       Turns: 7230, Time: 00:23:38

Health: -1/45      AC:  3    Str:  4    XL:     9   Next: 11%
Magic:  15/23      EV: 15    Int: 26    God:    Sif Muna [......]
Gold:   477        SH:  0    Dex: 15    Spells: 17/24 levels left

rFire   + . .      SeeInvis .   b - +4 broad axe of Generosity {vorpal, rPois rF+ Will+ rCorr}
rCold   . . .      Faith    .   (no shield)
rNeg    . . .      Spirit   .   k - +0 robe
rPois   +          Reflect  .   i - +0 helmet
rElec   .          Harm     .   (no cloak)
rCorr   +          Rampage  .   (no gloves)
Will    +....                   (no boots)
Stlth   +++.......              r - amulet of regeneration
HPRegen 0.95/turn               R - ring of resist corrosion
MPRegen 0.18/turn               (no ring)

@: no status effects
A: no striking features
a: Renounce Religion


You were on level 7 of the Dungeon.
You worshipped Sif Muna.
Sif Muna was noncommittal.
You visited 2 branches of the dungeon, and saw 8 of its levels.
You also visited: Ossuary.

You collected 477 gold pieces.


   Skills:
 + Level 6.9 Dodging
 + Level 5.8 Stealth
 * Level 8.3 Spellcasting
 * Level 7.9 Conjurations
 * Level 6.6 Hexes


You had 17 spell levels left.
You knew the following spells:

 Your Spells              Type           Power      Damage    Failure   Level
a - Magic Dart            Conj           100%       1d8       1%          1
b - Searing Ray           Conj           100%       2d8       1%          2
c - Fulminant Prism       Conj/Hex       24%        3d13      2%          4

Your spell library contained the following spells:

 Spells                   Type           Power      Damage    Failure   Level
 Dazzling Flash           Conj/Hex       98%        N/A       1%          3
 Summon Guardian Golem    Hex/Summ       28%        N/A       4%          3
 Sublimation of Blood     Necr           10%        N/A       9%          2
 Wereblood                Tmut           10%        N/A       9%          2
 Iskenderun's Mystic Bla  Conj/Tloc      31%        2d8       11%         4
 Gell's Gravitas          Tloc           10%        N/A       16%         3
 Teleport Other           Tloc           10%        N/A       16%         3
 Orb of Destruction       Conj           25%        9d9       87%         7
 Dispersal                Tloc           5%         N/A       100%        6
 Spellforged Servitor     Conj/Summ      15%        N/A       100%        7
 Summon Hydra             Summ           5%         N/A       100%        7

Inventory:

Hand Weapons
 a - a +4 whip of flaming
 b - the +4 broad axe of Generosity (weapon) {vorpal, rPois rF+ Will+ rCorr}
   (You found it on level 5 of the Dungeon)

   It inflicts extra damage upon your enemies.
   rF:        It protects you from fire.
   rPois:     It protects you from poison.
   rCorr:     It protects you from acid and corrosion.
   Will:      It increases your willpower.
 w - a +4 dagger
 H - a +2 whip of freezing
Missiles
 f - a throwing net {=f}
Armour
 i - a +0 helmet (worn)
 k - a +0 robe (worn)
 v - an orb of guile
Magical Staves
 o - a staff of air {!a}
Jewellery
 r - an amulet of regeneration (around neck)
 x - an amulet of the acrobat
 C - an amulet of faith {!P}
 R - a ring of resist corrosion (left hand)
Wands
 h - a wand of flame (20)
 B - a wand of digging (7)
 G - a wand of acid (4)
Scrolls
 c - a scroll of identify {@r1}
 e - 2 scrolls of poison
 l - a scroll of immolation {unknown}
 n - a scroll of vulnerability {unknown}
 s - a scroll of silence {unknown}
 t - a scroll of teleportation {@r2}
 u - 2 scrolls of enchant armour {unknown}
 z - 4 scrolls of enchant weapon
 E - 2 scrolls of magic mapping
 F - a scroll of fog {unknown}
Potions
 d - 2 potions of flight
 g - 4 potions of curing {@q1}
 j - 2 potions of might
 m - 2 potions of mutation
 p - 3 potions of haste {@q3}
 q - 3 potions of lignification
 y - 2 potions of magic
 A - 2 potions of attraction
 D - 2 potions of heal wounds {@q2}

Dungeon Overview and Level Annotations

Branches:
Dungeon (7/15)             Temple (1/1) D:4         Ossuary (visited)

Altars:
Ashenzari
Cheibriados
Dithmenos
Elyvilon
Fedhas
Gozag
Hepliaklqana
Kikubaaqudgha
Makhleb
Nemelex Xobeh
Okawaru
Qazlal
Ru
Sif Muna
Trog
Uskayaw
Wu Jian
Xom
Yredelemnul
Zin
The Shining One

Annotations:
D:6 1 runed translucent door

#. #. #.
.. #. #.
####.####
#$..))z.#
#.##.##@#
>.. #.#
#.... #<#
#..z# #.#
#..# #.#
#.. ..#
##. ###


You could see a wight.


Message History

Press: ? - help, Dir - move target You conjure a prism of explosive energy!
A fulminant prism comes into view.
The wight attacks as you move away! The wight closely misses you.
Your fulminant prism crackles loudly.
The wight hits you with a +4 morningstar!!
Your fulminant prism explodes!
The blast of energy engulfs the wight but does no damage.
You hear a loud, deep croak!
Casting: Fulminant Prism (dangerous; 2% risk of failure)
Confirm with . or Enter, or press ? or * to list all spells.
Aiming: Searing Ray (safe; 1% risk of failure)
Press: ? - help, Shift-Dir - straight line, f - wight
Aim: a wight, wielding a +4 morningstar and wearing a +0 robe (83% to hit)
The searing ray hits the wight but does no damage. (Press . to maintain the ray.)
The wight hits you with a +4 morningstar!!
* * * LOW HITPOINT WARNING * * *
Unknown command.
The searing ray hits the wight!
The wight is heavily damaged.
The wight closely misses you.
The searing ray hits the wight.
The wight is almost destroyed.
The wight misses you.
The searing ray hits the wight but does no damage.
The wight is almost destroyed.
You finish channelling your searing ray.
The wight hits you with a +4 morningstar!
You die...

Skill      XL: |  1  2  3  4  5  6  7  8 |
---------------+-------------------------+-----
Dodging        | 3 4 5 6 |  6.9
Stealth        | 3 4 5 |  5.8
Spellcasting   | 4 5 6 8 |  8.3
Conjurations   | 5 6 7 |  7.9
Hexes          | 4 6 |  6.6

Action                   |  1- 3 |  4- 6 |  7- 9 || total
-------------------------+-------+-------+-------++-------
Melee: Unarmed           |     2 |       |       ||     2
       Whip              |       |       |     8 ||     8
 Cast: Magic Dart        |    76 |    43 |   103 ||   222
       Searing Ray       |     6 |    11 |    37 ||    54
       Fulminant Prism   |       |       |    10 ||    10
  Use: Scroll            |       |       |    12 ||    12
Armor: Robe              |     3 |     1 |     3 ||     7
Dodge: Dodged            |    10 |    12 |    27 ||    49

Levels and vault maps discovered:
D:1:      eino_arrival_water_star, layout_basic
D:2:      layout_rooms, basic_altar, chequers_serial_rivers_room_b,
          kennysheep_flooded_box, uniq_sigmund
D:3:      layout_rooms, minmay_goblin_outpost
D:4:      layout_basic, minmay_temple_entry_crystal_x, uniq_grinder
D:5:      layout_loops_corners, nicolae_overflow_crystal_walls
D:6:      layout_basic, dk_yredelemnul_ordeal,
          mainiacjoe_overflow_six_doors_small, fedhas_ov_isle_minmay,
          nicolae_ossuary_entry_giza, uniq_pikel, uniq_duvessa
D:7:      layout_loops_cross, kennysheep_little_box, uniq_joseph
Temple:   sentei_temple_godly_chess

Notes
Turn   | Place    | Note
-------+----------+-------------------------------------------
     0 | D:1      | kingofthe the Deep Elf Conjurer began the quest for the
                  | Orb.
     0 | D:1      | Reached XP level 1. HP: 10/10 MP: 6/6
   185 | D:1      | Reached XP level 2. HP: 15/15 MP: 6/8
   188 | D:1      | Learned a level 2 spell: Searing Ray
   736 | D:1      | Reached skill level 3 in Dodging
   958 | D:1      | Reached XP level 3. HP: 19/19 MP: 6/10
  1222 | D:2      | Found a basalt altar of Yredelemnul.
  1442 | D:2      | Reached skill level 3 in Stealth
  1494 | D:2      | Reached skill level 4 in Spellcasting
  1549 | D:2      | Noticed Sigmund
  1566 | D:2      | Killed Sigmund
  1567 | D:2      | Reached skill level 4 in Dodging
  1567 | D:2      | Reached skill level 5 in Conjurations
  1567 | D:2      | Reached XP level 4. HP: 12/24 MP: 3/12
  1567 | D:2      | Reached XP level 5. HP: 14/28 MP: 3/14
  1793 | D:2      | Reached skill level 5 in Spellcasting
  2287 | D:3      | Reached XP level 6. HP: 24/32 MP: 9/15
  3218 | D:4      | Noticed Grinder
  3228 | D:4      | Killed Grinder
  3229 | D:4      | Reached skill level 5 in Dodging
  3229 | D:4      | Reached skill level 4 in Stealth
  3229 | D:4      | Reached skill level 6 in Spellcasting
  3229 | D:4      | Reached skill level 6 in Conjurations
  3229 | D:4      | Reached XP level 7. HP: 36/36 MP: 8/18
  3480 | D:4      | Found a staircase to the Ecumenical Temple.
  3903 | D:4      | Learned a level 4 spell: Fulminant Prism
  3930 | D:5      | Entered Level 5 of the Dungeon
  3952 | D:5      | Reached skill level 1 in Hexes
  4270 | D:5      | Reached skill level 2 in Hexes
  4594 | D:5      | Reached skill level 6 in Dodging
  4784 | D:5      | Noticed a wyvern
  4789 | D:5      | Killed a wyvern
  4790 | D:5      | Reached skill level 4 in Hexes
  4790 | D:5      | Reached XP level 8. HP: 41/41 MP: 13/20
  4880 | D:5      | Found a hide-covered altar of Uskayaw.
  4911 | D:5      | Identified the +4 broad axe of Generosity {vorpal, rPois
                  | rF+ Will+ rCorr}
  5269 | D:6      | Noticed Duvessa
  5272 | D:6      | Noticed Dowan
  5279 | D:6      | Killed Duvessa
  5369 | D:6      | Found a stormy altar of Qazlal.
  5434 | D:6      | Reached skill level 7 in Spellcasting
  5434 | D:6      | Reached skill level 7 in Conjurations
  5434 | D:6      | Reached skill level 5 in Hexes
  5481 | D:6      | Reached skill level 5 in Stealth
  5649 | D:6      | Found a blossoming altar of Fedhas.
  5686 | D:6      | Found a sand-covered staircase.
  5704 | Ossuary  | Entered an ossuary
  6212 | D:6      | Noticed Pikel
  6658 | D:6      | Killed Dowan
  6875 | D:6      | Found a runed translucent door.
  6879 | D:6      | Found a basalt altar of Yredelemnul.
  6999 | D:6      | Killed Pikel
  7000 | D:6      | Reached skill level 8 in Spellcasting
  7000 | D:6      | Reached skill level 6 in Hexes
  7000 | D:6      | Reached XP level 9. HP: 45/45 MP: 13/23
  7053 | Temple   | Entered the Ecumenical Temple
  7057 | Temple   | Became a worshipper of Sif Muna the Loreminder
  7230 | D:7      | Slain by a wight

Vanquished Creatures
  Pikel (D:6)
  Grinder (D:4)
  Sigmund (D:2)
  A wyvern (D:5)
  Duvessa (D:6)
  A centaur (D:6)
  A phantom (D:5)
  4 lemures (D:6)
  A kobold brigand (D:5)
  3 wights (D:7)
  Dowan (D:6)
  4 hounds (D:5)
  2 orc priests
  3 jellies
  2 iguanas
  A human skeleton (D:6)
  3 orc wizards (D:6)
  9 mummies
  2 adders
  2 shadow imps (D:6)
  A white imp (D:6)
  2 worms (D:2)
  2 dart slugs
  18 orcs
  8 ball pythons
  8 bats
  8 endoplasms
  4 giant cockroaches
  12 goblins
  8 hobgoblins
  4 jackals
  5 quokkas
  4 frilled lizards
  A gnoll zombie (Ossuary)
  2 hobgoblin zombies (D:6)
  A jackal zombie (D:6)
  13 kobolds
  5 kobold zombies (Ossuary)
  2 orc zombies (Ossuary)
  6 rats
158 creatures vanquished.

Vanquished Creatures (others)
  10 fulminant prisms
  4 plants (D:6)
14 creatures vanquished.

Grand Total: 172 creatures vanquished

Table legend: (Time is in decaauts)
 A = Elapsed time spent in this place.
 B = Non-inter-level travel time spent in this place.
 C = Inter-level travel time spent in this place.
 D = Time resting spent in this place.
 E = Time spent auto-exploring this place.
 F = Levels seen in this place.
 G = Mean time per level.
                   A        B        C        D        E       F      G
               +--------+--------+--------+--------+--------+-----+--------+
         Total |   7232 |   6877 |    355 |    659 |   5074 |   9 |  803.6 |
       Dungeon |   6830 |   6475 |    355 |    475 |   4969 |   7 |  975.7 |
        Temple |      8 |      8 |      0 |      0 |      0 |   1 |    8.0 |
       Ossuary |    393 |    393 |      0 |    184 |    105 |   1 |  393.0 |
               +--------+--------+--------+--------+--------+-----+--------+

Top non-repeatable levels by time:
     D:5: 1412 daAuts
     D:6: 1372 daAuts
     D:1: 1150 daAuts
     D:2: 1129 daAuts
     D:4: 891 daAuts
     D:3: 809 daAuts
 Ossuary: 393 daAuts
     D:7: 65 daAuts
  Temple: 8 daAuts

Table legend:
 A = Non-vault XP
 B = Vault XP
 C = Vault XP percentage of total XP
 D = Non-vault monster count
 E = Vault monster count
 F = Vault count percentage of total count
                 A         B        C        D         E       F
            +---------+---------+-------+---------+---------+-------
      Total |    1545 |    1561 |  50.3 |     119 |      35 |  22.7
            +---------+---------+-------+---------+---------+-------
        D:1 |      45 |       0 |   0.0 |      26 |       0 |   0.0
        D:2 |      62 |     231 |  78.8 |      25 |       1 |   3.8
        D:3 |      74 |      16 |  17.8 |      18 |       9 |  33.3
        D:4 |      80 |     286 |  78.1 |      13 |       1 |   7.1
        D:5 |     710 |       0 |   0.0 |      16 |       0 |   0.0
        D:6 |     352 |     878 |  71.4 |      18 |       8 |  30.8
        D:7 |     222 |       0 |   0.0 |       3 |       0 |   0.0
    Ossuary |       0 |     150 | 100.0 |       0 |      16 | 100.0
            +---------+---------+-------+---------+---------+-------
